 Dungeon Crawl Stone Soup version 0.23.2-1-ga50397a6bc (webtiles) character file.

Game seed: 11656860316247231912

79435 Ethylacetat the Impaler (level 15, -2/123 HPs)
             Began as a Demonspawn Gladiator on Apr 26, 2019.
             Was the Champion of Okawaru.
             Slain by a sun demon (12 damage)
             ... summoned by an orc sorcerer
             ... on level 2 of the Orcish Mines.
             The game lasted 01:20:22 (20829 turns).

Ethylacetat the Impaler (Demonspawn Gladiator)     Turns: 20829, Time: 01:20:23

Health: -2/123     AC: 18    Str: 18    XL:     15   Next: 21%
Magic:  0/25       EV: 18    Int:  5    God:    Okawaru [******]
Gold:   2227       SH:  0    Dex: 31    Spells: 8/14 levels left

rFire    . . .     SeeInvis .   v - +6 spear "Qeac" {freeze, Int-5 Dex+6}
rCold    + + .     Gourm    .   (no shield)
rNeg     + . .     Faith    .   z - +5 ring mail of the Armoured One {rPois rN+ Dex-2 Slay+3}
rPois    +         Spirit   +   G - +1 helmet
rElec    +         Reflect  .   w - +1 cloak {MR+}
rCorr    .         Harm     .   l - +1 pair of gloves of Boiling Hail {rElec rPois rC+ Dex+3}
MR       ++...                  (boots unavailable)
Stlth    ++........             P - amulet of magic regeneration
HPRegen  0.70/turn              Z - ring of protection from cold
MPRegen  0.63/turn              U - +3 ring of slaying

@: agile, lightly drained
A: hooves 3, molten scales 1, powered by pain 1, regeneration 1, strong 1, magic
shield, magic regeneration
a: Heroism, Finesse, Renounce Religion


You were on level 2 of the Orcish Mines.
You worshipped Okawaru.
Okawaru was exalted by your worship.
You were not hungry.

You visited 4 branches of the dungeon, and saw 21 of its levels.
You also visited: Bailey.

You collected 2311 gold pieces.
You spent 84 gold pieces at shops.

Inventory:

Hand Weapons
 p - a +1 bardiche of chopping
 v - the +6 spear "Qeac" (weapon) {freeze, Int-5 Dex+6}
   (Okawaru gifted it to you on level 6 of the Lair of Beasts)

   It has been specially enchanted to freeze those struck by it, causing extra
   injury to most foes and up to half again as much damage against particularly
   susceptible opponents.
   It can also slow down cold-blooded creatures.
   It affects your intelligence (-5).
   It affects your dexterity (+6).
 y - a +1 broad axe of flaming
 R - a +2 vampiric trident
Missiles
 d - 5 throwing nets (quivered)
 N - 17 curare-tipped needles
Armour
 l - the +1 pair of gloves of Boiling Hail (worn) {rElec rPois rC+ Dex+3}
   (Okawaru gifted it to you on level 4 of the Lair of Beasts)

   It affects your dexterity (+3).
   It protects you from cold.
   It insulates you from electricity.
   It protects you from poison.
 w - a +1 cloak of magic resistance (worn)
 z - the +5 ring mail of the Armoured One (worn) {rPois rN+ Dex-2 Slay+3}
   (You found it on level 6 of the Dungeon)

   It affects your dexterity (-2).
   It affects your accuracy and damage with ranged weapons and melee attacks
   (+3).
   It protects you from poison.
   It protects you from negative energy.
 G - a +1 helmet (worn)
 K - a +0 shield
 L - a scarf of resistance
 S - a +2 buckler of protection
Jewellery
 P - an amulet of magic regeneration (around neck)
 U - a +3 ring of slaying (right hand)
 W - a +4 ring of strength
 Z - a ring of protection from cold (left hand)
Wands
 F - a wand of paralysis (9)
 M - a wand of digging (9)
Scrolls
 c - a scroll of vulnerability
 e - 19 scrolls of identify
 h - 5 scrolls of enchant armour
 i - 2 scrolls of noise
 j - 8 scrolls of remove curse
 o - 4 scrolls of blinking
 q - 9 scrolls of enchant weapon
 t - 4 scrolls of amnesia
 u - 3 scrolls of teleportation
 E - a scroll of magic mapping
 J - 3 scrolls of fog
 O - a scroll of immolation
 X - a scroll of fear
Potions
 a - a potion of lignification
 b - 4 potions of flight
 g - a potion of mutation
 k - 5 potions of curing
 m - a potion of agility
 r - 2 potions of degeneration
 s - 2 potions of cancellation
 x - 4 potions of heal wounds
 A - 4 potions of invisibility
 C - 2 potions of ambrosia
 D - 2 potions of experience
 H - 2 potions of brilliance
 V - a potion of magic
Miscellaneous
 I - a lightning rod (4/4)
Comestibles
 f - 24 rations


   Skills:
 + Level 13.0(12.7) Fighting
 * Level 16.3(16.0) Polearms
 - Level 1.8(1.5) Throwing
 - Level 2.7(2.5) Dodging
 + Level 10.2(9.9) Shields
 - Level 14.0(13.6) Invocations


You had 8 spell levels left.
You knew the following spells:

 Your Spells              Type           Power        Failure   Level  Hunger
a - Iron Shot             Conj/Erth      #.........   100%        6    #######

Your spell library contained the following spells:

 Spells                   Type           Power        Failure   Level  Hunger
 Animate Skeleton         Necr           N/A          67%         1    ##.....
 Apportation              Tloc           #.....       67%         1    ##.....
 Confusing Touch          Hex            #.....       67%         1    ##.....
 Flame Tongue             Conj/Fire      #....        67%         1    ##.....
 Magic Dart               Conj           #...         67%         1    ##.....
 Shock                    Conj/Air       #...         67%         1    ##.....
 Sting                    Conj/Pois      #...         67%         1    ##.....
 Summon Small Mammal      Summ           #...         67%         1    ##.....
 Poisonous Vapours        Pois/Air       #.....       82%         2    ###....
 Searing Ray              Conj           #.....       82%         2    ###....
 Swiftness                Chrm/Air       #.......     82%         2    ###....
 Throw Flame              Conj/Fire      #.....       82%         2    ###....
 Conjure Flame            Conj/Fire      #.......     96%         3    ####...
 Dazzling Spray           Conj/Hex       #.....       96%         3    ####...
 Inner Flame              Hex/Fire       #.......     96%         3    ####...
 Mephitic Cloud           Conj/Pois/Air  #.......     96%         3    ####...
 Static Discharge         Conj/Air       #.......     96%         3    ####...
 Airstrike                Air            #.........   100%        4    #####..
 Force Lance              Conj/Tloc      #.......     100%        4    #####..
 Fulminant Prism          Conj/Hex       #.........   100%        4    #####..
 Iskenderun's Mystic Bla  Conj           #.......     100%        4    #####..
 Olgreb's Toxic Radiance  Pois           #.......     100%        4    #####..
 Sticky Flame             Conj/Fire      #.......     100%        4    #####..
 Bolt of Magma            Conj/Fire/Erth #.........   100%        5    ######.
 Fireball                 Conj/Fire      #.........   100%        5    ######.
 Iskenderun's Battlesphe  Conj/Chrm      #.......     100%        5    ######.
 Lightning Bolt           Conj/Air       #.........   100%        5    ######.
 Venom Bolt               Conj/Pois      #.........   100%        5    ######.
 Orb of Destruction       Conj           #.........   100%        7    #######
 Spellforged Servitor     Conj/Summ      #.........   100%        7    #######


Dungeon Overview and Level Annotations

Branches:
Dungeon (12/15)            Temple (1/1) D:5            Lair (6/6) D:9
  Swamp (0/4) Lair:4        Snake (0/4) Lair:4        Slime (0/5) Lair:6
    Orc (2/2) D:9             Elf (0/3) Orc:2

Altars:
Ashenzari
Cheibriados
Dithmenos
Elyvilon
Fedhas
Gozag
Hepliaklqana
Kikubaaqudgha
Makhleb
Nemelex Xobeh
Okawaru
Qazlal
Ru
Sif Muna
Trog
Uskayaw
Vehumet
Wu Jian
Xom
Yredelemnul
Zin
The Shining One
Beogh

Shops:
D:7 ?   D:9 :   D:11 (   D:12 (

Annotations:
D:10 exclusion: orange crystal statue
Orc:1 2 transporters, P0WERM0DE's ghost, journeyman VSFi
Orc:2 exclusion: oklob plant


Innate Abilities, Weirdness & Mutations

You have hooves in place of feet.
You are partially covered in molten scales. (AC +2)
You sometimes gain a little power by taking damage.
When hurt, damage is shared between your health and your magic reserves.
You regenerate magic rapidly.
Your natural rate of healing is unusually fast.
Your muscles are strong. (Str +2)


Message History

Attack whom?
Press: ? - help, Dir - move target cursor, f/p - orc sorcerer
Aim: an orc sorcerer, wielding a +0 dagger and wearing a +0 robe of cold resistance (moderately wounded)
You reach to attack!
You hit the orc sorcerer.
The orc sorcerer is moderately wounded.
The sun demon misses you. The orc sorcerer casts a spell at you.
The bolt of fire hits you!
* * * LOW HITPOINT WARNING * * *
The orc sorcerer mumbles some strange words.
The sun demon closely misses you.
The orc sorcerer gestures at you while chanting.
The bolt of fire hits the sun demon.
The sun demon completely resists.
The bolt of fire misses you. The sun demon hits you!!
* * * LOW HITPOINT WARNING * * *
You focus on the pain.
You feel agile all of a sudden.
You are engulfed in flames!!
You die...

.####.#...##.## ###..........
...#.....##...## ###..#.........
.............#.####.....#...#....
###.............##..............#
###...........###..............
#............####............
###..........###.............
#............##(............ ÷..
###.......3@.#)#........#... ..÷
#.....4#)))))#####........ .§.
#..........### ##....... o..
#...4o...### ###.<... ÷.÷
##..........### ##....... .÷.
#....#........# #.......[
..)####...##....##.## ##.#.#....
.÷..##....###...##..# ##..#####..
#..))))..###....###.###..####....


You could see a sun demon, an orange demon, a rust devil and an orc sorcerer.

Vanquished Creatures
  Gastronok (Lair:2)
  Kirke (Lair:3)
  An orc warlord (Bailey)
  6 dire elephants
  Nessos (Lair:4)
  Harold (Orc:1)
  Fannar (Orc:1)
  5 hydras
  A catoblepas (Lair:4)
  An anaconda (Lair:6)
  6 two-headed ogres
  The ghost of Wuochyse the Thaumaturge, a journeyman DEWz of Sif Muna (Lair:1)
  Urug (Lair:2)
  3 orc high priests
  6 death yaks (Lair:6)
  Sonja (Orc:1)
  Nergalle (Lair:2)
  The ghost of KinonikoII the Charmwright, a novice GnSk of Ashenzari (D:6)
  Pikel (D:5)
  A necromancer (D:12)
  8 orc knights
  An ugly thing (D:12)
  4 orc sorcerers
  A cyclops (D:12)
  8 elephants
  4 black mambas
  Joseph (D:8)
  A gargoyle (D:12)
  A torpor snail (Lair:6)
  14 spiny frogs
  7 komodo dragons
  A rime drake (Lair:6)
  6 trolls
  A polar bear (Lair:4)
  31 blink frogs
  2 slime creatures (Lair:6)
  9 hippogriffs
  12 dream sheep
  36 yaks
  2 wraiths
  A spriggan (Lair:6)
  3 hogs (Lair:4)
  2 wyverns
  2 hungry ghosts
  2 spectral fire crabs (Lair:1)
  2 swamp worms (Lair:4)
  A spectral spiny frog (Lair:1)
  6 nagas (Lair:4)
  3 wargs
  2 acid dragons (D:12)
  7 water moccasins
  9 porcupines
  A hornet zombie (D:9)
  32 orc warriors
  4 ice beasts
  3 phantoms
  A slave (D:5)
  15 ogres
  2 black bears
  7 wolves
  8 centaurs
  11 crocodiles
  4 big kobolds
  Blork the orc (D:5)
  18 bullfrogs
  A wyvern zombie (D:11)
  A spiny frog simulacrum (Lair:1)
  A wyvern skeleton (D:12)
  2 troll zombies (D:9)
  5 scorpions
  13 killer bees
  5 wights
  2 howler monkeys
  6 crimson imps
  2 centaur zombies
  4 jellies
  4 quasits (D:6)
  3 hounds
  Crazy Yiuf (D:5)
  A bullfrog skeleton (D:9)
  9 orc priests
  16 orc wizards
  A gnoll shaman (Orc:1)
  Ijyb (D:4)
  4 iguanas
  8 worker ants
  4 ogre zombies (D:9)
  A hound zombie (D:5)
  A hound skeleton (D:10)
  21 gnolls
  15 adders
  5 shadow imps
  2 oozes (D:3)
  2 adder zombies (D:7)
  6 adder skeletons
  5 worms
  3 dart slugs (D:1)
  8 leopard geckos
  91 orcs
  6 giant cockroaches
  25 goblins
  20 hobgoblins
  12 jackals
  7 quokkas
  2 ball pythons (D:3)
  8 bats
  3 frilled lizards
  2 goblin skeletons (D:9)
  4 goblin zombies (D:9)
  3 hobgoblin zombies (D:9)
  19 kobolds
  A leopard gecko zombie (D:7)
  10 orc zombies (D:9)
  A quokka skeleton (D:5)
  8 rats
  3 fungi
  14 plants
740 creatures vanquished.

Vanquished Creatures (others)
  4 humans (Lair:4)
  A crocodile (Lair:4)
  A worker ant (D:6)
  46 fungi
  32 plants
84 creatures vanquished.

Grand Total: 824 creatures vanquished

Notes
Turn   | Place    | Note
-------+----------+-------------------------------------------
     0 | D:1      | Ethylacetat the Demonspawn Gladiator began the quest for
                  | the Orb.
     0 | D:1      | Reached XP level 1. HP: 16/16 MP: 1/1
   331 | D:1      | Reached skill level 3 in Polearms
   347 | D:1      | Gained mutation: When hurt, damage is shared between your
                  | health and your magic reserves. [demonic ancestry]
   347 | D:1      | Reached XP level 2. HP: 22/22 MP: 2/2
  1377 | D:2      | Gained mutation: You have large cloven feet. [demonic
                  | ancestry]
  1377 | D:2      | Reached XP level 3. HP: 21/28 MP: 1/3
  1847 | D:2      | Reached XP level 4. HP: 34/34 MP: 4/4
  1861 | D:2      | Reached skill level 4 in Polearms
  2331 | D:3      | Reached XP level 5. HP: 32/41 MP: 5/5
  2631 | D:3      | Found a basalt altar of Yredelemnul.
  3036 | D:4      | Reached skill level 5 in Polearms
  3308 | D:4      | Noticed Ijyb
  3318 | D:4      | Killed Ijyb
  3337 | D:4      | Reached XP level 6. HP: 45/48 MP: 4/6
  3526 | D:4      | Found a hazy altar of Hepliaklqana.
  3526 | D:4      | Found a glowing silver altar of Zin.
  3655 | D:4      | Found a radiant altar of Vehumet.
  3733 | D:5      | Entered Level 5 of the Dungeon
  3756 | D:5      | Noticed Blork the orc
  3772 | D:5      | Killed Blork the orc
  3772 | D:5      | Reached skill level 6 in Polearms
  4074 | D:5      | Reached XP level 7. HP: 51/55 MP: 7/7
  4375 | D:5      | Reached skill level 5 in Fighting
  4515 | D:5      | Found a runed translucent door.
  4516 | D:5      | Noticed Crazy Yiuf
  4527 | D:5      | Killed Crazy Yiuf
  4662 | D:5      | Found a staircase to the Ecumenical Temple.
  4671 | Temple   | Entered the Ecumenical Temple
  4713 | Temple   | Became a worshipper of Warmaster Okawaru
  4866 | D:6      | Reached skill level 7 in Polearms
  4908 | D:6      | Noticed Pikel
  4933 | D:5      | Killed Pikel
  4933 | D:5      | Gained mutation: You have hoof-like feet. [demonic
                  | ancestry]
  4933 | D:5      | Reached XP level 8. HP: 24/64 MP: 4/10
  5151 | D:6      | Found a transporter.
  5164 | D:6      | Noticed KinonikoII's ghost (novice GnSk)
  5170 | D:6      | Found a sacrificial altar of Ru.
  5396 | D:6      | Reached skill level 8 in Polearms
  5697 | D:6      | Found an ornate altar of the Wu Jian Council.
  5852 | D:6      | Found a transporter.
  6090 | D:6      | Reached * piety under Okawaru
  6107 | D:6      | Killed KinonikoII's ghost
  6107 | D:6      | Reached ** piety under Okawaru
  6107 | D:6      | Reached skill level 9 in Polearms
  6107 | D:6      | Reached skill level 5 in Invocations
  6107 | D:6      | Gained mutation: You are partially covered in molten
                  | scales. (AC +2) [demonic ancestry]
  6107 | D:6      | Reached XP level 9. HP: 9/71 MP: 1/13
  6120 | D:6      | Got a fine ring mail
  6131 | D:6      | Identified the +5 ring mail of the Armoured One {rPois rN+
                  | Dex-2 Slay+3} (You found it on level 6 of the Dungeon)
  6559 | D:7      | Found Adeis's Magic Scroll Shoppe.
  6565 | D:7      | Bought a scroll of magic mapping for 42 gold pieces
  6565 | D:7      | Bought a scroll of fear for 42 gold pieces
  6662 | D:7      | Found a blossoming altar of Fedhas.
  6665 | D:7      | Found an ancient bone altar of Kikubaaqudgha.
  7332 | D:8      | Reached *** piety under Okawaru
  7509 | D:8      | Reached skill level 10 in Polearms
  7541 | D:8      | Gained mutation: Your muscles are strong. (Str +2) [potion
                  | of mutation]
  7541 | D:8      | Gained mutation: Your natural rate of healing is unusually
                  | fast. [potion of mutation]
  7724 | D:8      | Learned a level 6 spell: Iron Shot
  7805 | D:8      | Noticed Joseph
  7811 | D:8      | Killed Joseph
  7811 | D:8      | Reached skill level 1 in Shields
  7812 | D:8      | Found a white marble altar of Elyvilon.
  8012 | D:9      | Found a staircase to the Orcish Mines.
  8038 | D:9      | Reached XP level 10. HP: 72/80 MP: 13/15
  8134 | D:9      | Found a basalt altar of Yredelemnul.
  8269 | D:9      | Reached **** piety under Okawaru
  8368 | D:9      | Found a staircase to the Lair.
  8368 | D:9      | Noticed a two-headed ogre
  8382 | D:9      | Killed a two-headed ogre
  8382 | D:9      | Reached ***** piety under Okawaru
  8436 | D:9      | Reached skill level 11 in Polearms
  8532 | D:9      | Found Moemuon's Book Emporium.
  8605 | D:9      | Received a gift from Okawaru
  9121 | D:10     | Entered Level 10 of the Dungeon
  9168 | D:10     | Noticed an orange crystal statue
  9254 | D:10     | Received a gift from Okawaru
  9255 | D:10     | Got a transparent halberd {god gift}
  9256 | D:10     | Identified the +3 halberd of Mourning {freeze, rElec Int+4}
                  | (Okawaru gifted it to you on level 10 of the Dungeon)
  9450 | D:10     | Got a jewelled scale mail
  9461 | D:10     | Identified the cursed +1 scale mail "Doceybai" {*Drain MR+
                  | Dex+7 Stlth+} (You found it on level 10 of the Dungeon)
  9550 | D:10     | Reached XP level 11. HP: 58/87 MP: 11/17
 10080 | D:11     | Found Doodeo's Antique Weapon Emporium.
 10589 | D:12     | Noticed a two-headed ogre
 10600 | D:12     | Killed a two-headed ogre
 10634 | D:12     | Received a gift from Okawaru
 10753 | D:12     | Found Asycumap's Weapon Shop.
 10884 | D:12     | Received a gift from Okawaru
 10893 | D:12     | Got a pair of pitted gloves
 10904 | D:12     | Identified the +0 pair of gloves of the Other Side {rC-
                  | Int+2 Dex+6} (You found it on level 12 of the Dungeon)
 10942 | D:12     | Reached skill level 12 in Polearms
 10942 | D:12     | Reached skill level 10 in Invocations
 11023 | D:12     | Noticed a two-headed ogre
 11030 | D:12     | Killed a two-headed ogre
 11030 | D:12     | Reached skill level 5 in Shields
 11089 | D:12     | Noticed a two-headed ogre
 11130 | D:12     | Killed a two-headed ogre
 11300 | D:12     | Found a roughly hewn altar of Beogh.
 11364 | D:12     | Noticed a two-headed ogre
 11377 | D:12     | Killed a two-headed ogre
 11502 | D:12     | Reached ****** piety under Okawaru
 11675 | D:12     | Reached XP level 12. HP: 97/97 MP: 20/20
 11701 | D:12     | Noticed a two-headed ogre
 11789 | D:12     | Killed a two-headed ogre
 11824 | D:12     | Received a gift from Okawaru
 11824 | D:12     | Reached skill level 10 in Fighting
 11825 | D:12     | Got a pair of fine boots {god gift}
 11831 | D:12     | Identified the +1 pair of boots of Claustrophobia {Regen+
                  | Str+3 Int-3} (Okawaru gifted it to you on level 12 of the
                  | Dungeon)
 11940 | D:12     | Noticed a yaktaur captain
 12288 | D:12     | Noticed an ice dragon
 12409 | Lair:1   | Entered Level 1 of the Lair of Beasts
 12422 | Lair:1   | Found a runed translucent gate.
 12422 | Lair:1   | Found a runed translucent gate.
 12422 | Lair:1   | Found a runed translucent gate.
 12422 | Lair:1   | Noticed Wuochyse's ghost (journeyman DEWz)
 12470 | Lair:1   | Got a faintly glowing halberd
 12478 | Lair:1   | Identified the +5 halberd of the Shoals {vamp, *Slow rN+
                  | Str+7 Dex+3} (You found it on level 1 of the Lair of
                  | Beasts)
 12527 | Lair:1   | Reached skill level 13 in Polearms
 12858 | Lair:1   | Noticed a four-headed hydra
 12875 | Lair:1   | Killed a four-headed hydra
 13337 | Lair:1   | Killed Wuochyse's ghost
 13531 | Lair:2   | Noticed Gastronok
 13601 | Lair:2   | Killed Gastronok
 13601 | Lair:2   | Received a gift from Okawaru
 13701 | Lair:2   | Gained mutation: You have hooves in place of feet. [demonic
                  | ancestry]
 13701 | Lair:2   | Reached XP level 13. HP: 105/105 MP: 20/22
 13849 | Lair:2   | Noticed Urug
 13862 | Lair:2   | Killed Urug
 13907 | Lair:2   | Noticed Nergalle
 13926 | Lair:2   | Killed Nergalle
 14086 | Lair:2   | Reached skill level 14 in Polearms
 14872 | Lair:4   | Noticed Kirke
 15120 | Lair:3   | Killed Kirke
 15255 | Lair:4   | Found a staircase to the Snake Pit.
 15463 | Lair:4   | Noticed Nessos
 15493 | Lair:4   | Killed Nessos
 15642 | Lair:4   | Received a gift from Okawaru
 15643 | Lair:4   | Got a pair of translucent gloves {god gift}
 15654 | Lair:4   | Identified the +1 pair of gloves of Boiling Hail {rElec
                  | rPois rC+ Dex+3} (Okawaru gifted it to you on level 4 of
                  | the Lair of Beasts)
 15782 | Lair:4   | Found a staircase to the Swamp.
 16116 | Lair:5   | Identified a scroll of acquirement
 16692 | Lair:6   | Entered Level 6 of the Lair of Beasts
 16724 | Lair:6   | Gained mutation: You sometimes gain a little power by
                  | taking damage. [demonic ancestry]
 16724 | Lair:6   | Reached XP level 14. HP: 70/114 MP: 15/24
 16844 | Lair:6   | Reached skill level 15 in Polearms
 16987 | Lair:6   | Found a staircase to the Slime Pits.
 17000 | Lair:6   | Received a gift from Okawaru
 17015 | Lair:6   | Got a smoking spear {god gift}
 18118 | Lair:6   | Received a gift from Okawaru
 18119 | Lair:6   | Got a jewelled shortbow {god gift}
 18193 | Lair:6   | Identified the +6 spear "Qeac" {freeze, Int-5 Dex+6}
                  | (Okawaru gifted it to you on level 6 of the Lair of Beasts)
 18682 | Orc:1    | Entered Level 1 of the Orcish Mines
 18723 | Orc:1    | Noticed Harold
 18750 | Orc:1    | Killed Harold
 18754 | Orc:1    | Found a flagged portal.
 18760 | Bailey   | Entered a bailey
 19024 | Bailey   | Noticed an orc warlord
 19051 | Bailey   | Killed an orc warlord
 19070 | Bailey   | Reached skill level 16 in Polearms
 19120 | Bailey   | Identified the +5 shortbow of Dullness {flame, +Blink rC-
                  | rN+++ Dex+3} (Okawaru gifted it to you on level 6 of the
                  | Lair of Beasts)
 19415 | Orc:1    | Found a transporter.
 19415 | Orc:1    | Noticed P0WERM0DE's ghost (journeyman VSFi)
 19422 | Orc:1    | Found a transporter.
 19480 | Orc:1    | Noticed Fannar
 19510 | Orc:1    | Killed Fannar
 19510 | Orc:1    | Received a gift from Okawaru
 19674 | Orc:1    | Gained mutation: You regenerate magic rapidly. [demonic
                  | ancestry]
 19674 | Orc:1    | Reached XP level 15. HP: 116/122 MP: 23/25
 19803 | Orc:2    | Entered Level 2 of the Orcish Mines
 19849 | Orc:2    | Reached skill level 10 in Shields
 19888 | Orc:1    | Noticed Sonja
 19898 | Orc:1    | Killed Sonja
 20290 | Orc:2    | Found a staircase to the Elven Halls.
 20545 | Orc:2    | Found a radiant altar of Vehumet.
 20829 | Orc:2    | Slain by a sun demon

Skill      XL: |  1  2  3  4  5  6  7  8  9 10 11 12 13 14 15 |
---------------+----------------------------------------------+-----
Polearms       | 3 4 5 6 7 9 10 11 12 13 14 16 | 16.3
Fighting       | 3 4 5 6 7 8 9 10 11 12 13 | 13.0
Invocations    | 2 5 7 9 10 12 13 14 | 14.0
Shields        | 1 3 5 7 8 9 10 | 10.2
Throwing       | |  1.8
Dodging        | |  2.7

Action                   |  1- 3 |  4- 6 |  7- 9 | 10-12 | 13-15 || total
-------------------------+-------+-------+-------+-------+-------++-------
Melee: Trident           |    55 |       |       |   540 |   663 ||  1258
       Dagger            |    54 |   182 |       |       |       ||   236
       Kick              |    12 |    87 |   136 |   214 |   481 ||   930
       Hand axe          |       |    59 |   376 |   389 |       ||   824
       Halberd           |       |       |       |    29 |       ||    29
       Bardiche          |       |       |       |       |    33 ||    33
       Unarmed           |       |       |       |       |    31 ||    31
       Spear             |       |       |       |       |   515 ||   515
 Abil: Evoke Flight      |       |       |     3 |       |       ||     3
Evoke: Lightning rod     |       |       |     4 |       |       ||     4
       Wand              |       |       |     3 |       |       ||     3
  Use: Scroll            |     1 |     1 |     8 |     3 |    12 ||    25
       Potion            |       |       |    12 |       |     4 ||    16
 Stab: Invisible         |       |       |     1 |       |       ||     1
  Eat: Chunk             |     3 |     7 |    15 |    16 |    21 ||    62
       Ration            |       |       |       |     6 |     2 ||     8
Armor: Leather armour    |    21 |       |       |       |       ||    21
       Ring mail         |    15 |   123 |   241 |   305 |   233 ||   917
Dodge: Dodged            |    56 |   180 |   303 |   324 |   321 ||  1184
Block: Buckler           |       |       |       |   199 |    66 ||   265
